 Dungeon Crawl Stone Soup version 0.18.1-48-g4cf74bf (webtiles) character file.

838 MistressOfTheDunes the Ducker (level 7, 0/56 HPs)
             Began as a Mummy Monk on June 27, 2016.
             Slain by a killer bee (3 damage)
             ... on level 2 of the Dungeon.
             The game lasted 00:11:57 (14632 turns).

MistressOfTheDunes the Ducker (Mummy Monk)         Turns: 14632, Time: 00:11:58

Health: 0/56       AC:  5    Str: 15    XL:     7   Next: 67%
Magic:  7/7        EV: 17    Int:  9    God:
Gold:   181        SH:  0    Dex: 16    Spells: 0 memorised, 6 levels left

rFire  x . .     SeeInvis .       - Unarmed
rCold  + . .     Gourm    .     (no armour)
rNeg   + + +     Faith    .     (no shield)
rPois  ∞         Spirit   .     n - +0 helmet
rElec  .         Dismiss  .     h - +0 cloak
rCorr  .         Reflect  .     (no gloves)
SustAt .         Harm     .     (no boots)
MR     .....                    (no amulet)
Stlth  ++........               e - +2 ring of evasion
                                g - +3 ring of protection

@: not resistant to hostile enchantments, unstealthy
A: no food or potions, fire vulnerability, cold resistance 1, negative energy
resistance 3, torment resistance, unbreathing
a: no special abilities


You were on level 2 of the Dungeon.
You were not hungry.

You visited 1 branch of the dungeon, and saw 4 of its levels.

You collected 181 gold pieces.


Innate Abilities, Weirdness & Mutations

You do not eat or drink.
Your flesh is vulnerable to fire.
You are immune to poison.
Your flesh is cold resistant.
You are immune to negative energy.
You are immune to unholy pain and torment.
You can survive without breathing.


   Skills:
 - Level 5.0 Fighting
 + Level 5.7 Dodging
 - Level 1.5 Stealth
 - Level 5.0 Unarmed Combat


You had 6 spell levels left.
You didn't know any spells.

Inventory:

Missiles
 a - a poisoned needle (quivered)
Armour
 h - a +0 cloak (worn)
 n - a +0 helmet (worn)
Jewellery
 e - a +2 ring of evasion (right hand)
 g - a +3 ring of protection (left hand)
 j - a +1 ring of protection
 p - an uncursed ring of protection from magic
Scrolls
 b - a scroll of immolation {unknown}
 c - 2 scrolls of enchant armour {unknown}
 d - 3 scrolls of remove curse
 f - 2 scrolls of teleportation {unknown}
 i - a scroll of fear
 k - 2 scrolls of recharging
 l - 2 scrolls of identify {unknown}
 m - a scroll of fog

Dungeon Overview and Level Annotations

Branches:
Dungeon (4/15)
 Temple: D:4-7

Altars:
Cheibriados
Dithmenos
Gozag
Nemelex Xobeh
Trog
Yredelemnul
Zin

Annotations:
D:2 the bees

░,░
░░░░,▒.........▒,....,,,[...
░░░
░<,,...........▒.....,,,,...
░)░░▒▒▒▒▒......▒..▒.▒░░,░,,,
░,░ ▒.......y.....,,░,,, ░,░
▒......)....▒▒░░,,,, ░░░
▒▒▒...........▒ ░░,,,
▒........▒▒▒▒.▒ ░,░░
░░▒▒▒▒▒y▒▒.▒ ░░░▒░░ ░,░
░░,,,░░▒M▒▒.▒ ░,,!,░ ░,░░
░░,,,,,░▒.▒▒.▒░░,░░,░ ░,,,
░,,,,,,,▒.▒░!.,░'░░,░░░░░░
░░,░,_,░,▒▒▒░░▒,,,,░,,,,░░░
░,)░░,░░,,░ ░,,,,░░░░'░,,
░,,,░░░,,,░ ░░,,,,,,,,,,░
░░,,,,,,,░░ ░,,,,,,,,,,░
░░,,,,,░░ ░,,,,,,,,÷,░
░░░,░░░ ░,,,,,,,,,,░


You could see a killer bee.


Message History

The killer bee is almost dead!
The killer bee closely misses you!
You barely miss the killer bee!
The killer bee is almost dead!
The killer bee misses you! The killer bee closely misses you!
You closely miss the killer bee!
The killer bee is almost dead!
The killer bee barely misses you!
The killer bee stings you but does no damage!
You completely miss the killer bee!
The killer bee is almost dead!
The killer bee stings you! * * * don't die
* * * The killer bee stings you! * * * don't die
* * * You closely miss the killer bee!
The killer bee is almost dead!
The killer bee misses you! x2
You closely miss the killer bee!
The killer bee is almost dead!
The killer bee stings you! * * * don't die
* * * You closely miss the killer bee!
The killer bee is almost dead!
The killer bee closely misses you!
The killer bee stings you! * * * don't die
* * * You miss the killer bee!
The killer bee is almost dead!
The killer bee stings you! rip

Action                   |  1- 3 |  4- 6 |  7- 9 || total
-------------------------+-------+-------+-------++-------
Melee: Unarmed           |    92 |   417 |   116 ||   625
       Punch             |       |     9 |     1 ||    10
  Use: Scroll            |       |     7 |       ||     7
 Stab: Sleeping          |     3 |     9 |       ||    12
Armor: Skin              |    16 |    67 |    11 ||    94
Dodge: Dodged            |    70 |   241 |   100 ||   411

Vault maps used:
D:1:      nicolae_arrival_somewhat_less_tricky_arrival,
          nemelex_diamond_rough_becter
D:2:      nicolae_dithmenos_through_a_glass_darkly
D:3:      nicolae_overflow_hidden_temple, first_bread
D:4:      trog_wizard

Notes
Turn   | Place    | Note
--------------------------------------------------------------
     0 | D:1      | MistressOfTheDunes the Mummy Monk began the quest for the Orb.
     0 | D:1      | Reached XP level 1. HP: 18/18 MP: 1/1
   226 | D:1      | Found a sparkling altar of Nemelex Xobeh.
   438 | D:1      | Reached XP level 2. HP: 22/24 MP: 2/2
   857 | D:2      | Reached skill level 4 in Unarmed Combat
   874 | D:2      | Reached XP level 3. HP: 25/29 MP: 3/3
  1664 | D:2      | Reached XP level 4. HP: 19/35 MP: 4/4
  2155 | D:2      | Found a shadowy altar of Dithmenos.
  2343 | D:1      | Reached skill level 5 in Unarmed Combat
  2683 | D:1      | Found a sparkling altar of Nemelex Xobeh.
  3086 | D:1      | Reached XP level 5. HP: 41/41 MP: 5/5
  8245 | D:1      | Noticed a centaur
  8396 | D:1      | HP: 2/42 [centaur (7)]
  8397 | D:1      | Killed a centaur
  8397 | D:1      | Reached skill level 4 in Fighting
  8964 | D:1      | Noticed a five-headed hydra
  9070 | D:1      | Reached skill level 5 in Fighting
 10872 | D:1      | Reached XP level 6. HP: 40/51 MP: 6/6
 11249 | D:3      | HP: 5/51 [something/puff of flame (16)]
 11250 | D:3      | Reached skill level 3 in Dodging
 12413 | D:3      | Reached skill level 4 in Dodging
 12716 | D:3      | Found a glowing silver altar of Zin.
 12718 | D:3      | Found an opulent altar of Gozag.
 13064 | D:4      | Reached XP level 7. HP: 48/56 MP: 7/7
 13377 | D:4      | Found a bloodstained altar of Trog.
 13404 | D:3      | Found a snail-covered altar of Cheibriados.
 13404 | D:3      | Found a basalt altar of Yredelemnul.
 13522 | D:4      | Reached skill level 5 in Dodging
 14361 | D:4      | Noticed a wizard
 14365 | D:4      | Killed a wizard
 14631 | D:2      | HP: 3/56 [killer bee (5)]
 14632 | D:2      | Slain by a killer bee

Vanquished Creatures
  A centaur (D:1)
  2 ogres (D:4)
  A killer bee (D:2)
  2 orc priests (D:3)
  3 orc wizards
  A hound (D:4)
  A giant frog skeleton (D:1)
  2 worker ants
  4 gnolls
  13 adders
  5 worms
  4 dart slugs
  5 giant geckos
  15 orcs
  2 ball pythons
  6 giant cockroaches
  7 hobgoblins
  11 bats
  7 giant newts
  12 goblins
  9 kobolds
  14 rats
127 creatures vanquished.

Vanquished Creatures (others)
  A wizard (D:4)
  An orc (D:3)
2 creatures vanquished.

Grand Total: 129 creatures vanquished
